 Dungeon Crawl Stone Soup version 0.29.1-4-g47bece8355 (webtiles) character file.

Game seed: 6279694816968836807

79 concernfroge the Trooper (level 4, -1/39 HPs)
             Began as a Mummy Monk on Dec 10, 2022.
             Slain by an orc
             ... wielding a +0 war axe
              (8 damage)
             ... on level 5 of the Dungeon.
             The game lasted 00:03:54 (2119 turns).

concernfroge the Trooper (Mummy Monk)               Turns: 2119, Time: 00:03:54

Health: -1/39      AC: 14    Str: 16    XL:     4   Next: 17%
Magic:  4/4        EV:  2    Int:  9    God:
Gold:   70         SH: 11    Dex: 14    Spells: 3/3 levels left

rFire   x . .      SeeInvis .   a - +0 spear
rCold   + . .      Faith    .   h - +1 tower shield
rNeg    + + +      Spirit   .   k - +0 chain mail
rPois   ∞          Reflect  .   b - +2 helmet
rElec   .          Harm     .   (no cloak)
rCorr   .          Rampage  .   (no gloves)
Will    .....                   f - +2 pair of boots
Stlth   ..........              (no amulet)
HPRegen 0.13/turn               (no ring)
MPRegen 0.09/turn               (no ring)

@: no status effects
A: cold resistance 1, negative energy resistance 3, torment resistance 2, heat
vulnerability 1, in touch with death 1, no potions
a: no special abilities


You were on level 5 of the Dungeon.
You visited 1 branch of the dungeon, and saw 4 of its levels.

You collected 70 gold pieces.

Inventory:

Hand Weapons
 a - a +0 spear (weapon)
Missiles
 c - 7 poisoned darts (quivered)
Armour
 b - a +2 helmet (worn)
 f - a +2 pair of boots (worn)
 h - a +1 tower shield (worn)
 k - a +0 chain mail (worn)
Wands
 d - a wand of light (9)
Scrolls
 i - a scroll of silence
 j - a scroll of immolation
 l - a scroll of enchant armour


   Skills:
 + Level 5.1 Fighting
 - Level 2.4 Polearms
 - Level 2.4 Dodging
 - Level 1.5 Stealth


You had 3 spell levels left.
You didn't know any spells.
Your spell library contained the following spells:

 Spells                   Type           Power      Damage    Failure   Level
 Sandblast                Erth           0%         2d4       100%        1
 Passwall                 Tmut/Erth      0%         N/A       100%        2
 Frozen Ramparts          Ice            0%         1d1       100%        3
 Stone Arrow              Conj/Erth      0%         3d7       100%        3
 Animate Armour           Summ/Erth      0%         N/A       100%        4
 Summon Ice Beast         Ice/Summ       0%         N/A       100%        4
 Lehudib's Crystal Spear  Conj/Erth      0%         10d2      100%        8
 Ice Form                 Ice/Tmut       Unusable   N/A       N/A         4

Dungeon Overview and Level Annotations

Branches:
Dungeon (5/15)
 Temple: D:4-7

Altars:

Annotations:
D:4 Grinder


Innate Abilities, Weirdness & Mutations

You are immune to poison.
Your flesh is cold resistant. (rC+)
You are immune to negative energy. (rN+++)
You are immune to unholy pain and torment.
You are vulnerable to heat. (rF-)
You are in touch with the powers of death.
You do not drink.


Message History

* * * LOW HITPOINT WARNING * * *
Found an escape hatch in the floor.
An ufetubus comes into view.
The ufetubus shouts!
Something unseen opens the door.
You block the scorpion's attack.
The howler monkey hits you but does no damage.
An orc comes into view. It is wielding a +0 war axe.
The orc shouts!
An orc comes into view. It is wielding a +0 war axe.
The scorpion stings you.
* * * LOW HITPOINT WARNING * * *
The howler monkey attacks as you move away!
You block the howler monkey's attack.
An orc comes into view. It is wielding a +0 mace.
The ufetubus hits you but does no damage.
You block the ufetubus's attack.
The howler monkey attacks as you move away!
The howler monkey hits you but does no damage.
You block the ufetubus's attack. x2
An orc comes into view. It is wielding a +0 whip.
The ufetubus attacks as you move away!
The ufetubus hits you but does no damage.
You block the ufetubus's attack. The orc hits you but does no damage.
An orc comes into view. It is wielding a +0 flail.
You block the ufetubus's attack.
The ufetubus hits you but does no damage.
You hit the orc.
The orc is moderately wounded.
The scorpion stings you but does no damage.
You block the ufetubus's attack.
The ufetubus hits you but does no damage.
You block the orc's attack. The orc hits you but does no damage.
You block the scorpion's attack.
The howler monkey hoots and howls with incredible vigour!
You block the ufetubus's attack. The ufetubus completely misses you.
You hear an angry hiss. x2
The scorpion attacks as you move away! You block the scorpion's attack.
The howler monkey hits you but does no damage.
The orc hits you but does no damage. The orc hits you with a +0 war axe!
You die...

♣♣#######.#
♣♣♣..######.#
......#.....#
♣........#
♣♣##.....#
#.....#
#.O..!#
#.5h..#
#.s@..#
#....'.oo..#
######..o>.#
...#o#.#
###.#.#.#
#.#o#.# #.#.#
# #.#.#


You could see an ogre, a scorpion, a howler monkey (catching breath), 5 orcs and
an ufetubus.

Vanquished Creatures
  A howler monkey (D:5)
  2 adders (D:2)
  A ball python (D:1)
  3 endoplasms
  2 giant cockroaches
  2 goblins (D:1)
  2 hobgoblins
  2 quokkas
  3 bats
  A frilled lizard (D:1)
  2 kobolds
  A rat (D:2)
22 creatures vanquished.

Notes
Turn   | Place    | Note
-------+----------+-------------------------------------------
     0 | D:1      | concernfroge the Mummy Monk began the quest for the Orb.
     0 | D:1      | Reached XP level 1. HP: 18/18 MP: 1/1
   527 | D:1      | Reached XP level 2. HP: 15/24 MP: 2/2
  1194 | D:2      | Reached skill level 4 in Fighting
  1194 | D:2      | Gained mutation: You are in touch with the powers of death.
                  | [Mummy growth]
  1194 | D:2      | Reached XP level 3. HP: 27/30 MP: 3/3
  1827 | D:2      | You fall into a shaft and drop 2 floors!
  1829 | D:4      | Noticed an ogre
  1833 | D:4      | Noticed a lemure
  1834 | D:4      | Noticed Grinder
  1835 | D:4      | Paralysed by Grinder for 4 turns
  1852 | D:5      | Entered Level 5 of the Dungeon
  2066 | D:5      | Reached skill level 5 in Fighting
  2066 | D:5      | Reached XP level 4. HP: 30/39 MP: 4/4
  2093 | D:5      | Noticed an ogre
  2098 | D:5      | Noticed a scorpion
  2119 | D:5      | Slain by an orc

Illustrated notes

Levels and vault maps discovered:
D:1:      lemuel_arrival_rhombus, layout_rooms, serial_bayou_pond_a
D:2:      layout_basic, shapermc_ecumenical_altar_mp_highgroup
D:4:      layout_cave_pools, temple_green, minmay_crystal_room,
          kennysheep_generic_room_5, uniq_crazy_yiuf_cottage, uniq_pikel,
          uniq_grinder
D:5:      layout_basic, fedhas_altar_4

Skill      XL: |  1  2  3 |
---------------+----------+-----
Fighting       | 4 5 |  5.1
Polearms       | |  2.4
Dodging        | |  2.4
Stealth        | |  1.5

Action                   |  1- 3 |  4- 6 || total
-------------------------+-------+-------++-------
Melee: Spear             |   112 |     2 ||   114
  Use: Scroll            |     8 |       ||     8
 Stab: Sleeping          |     3 |       ||     3
       Distracted        |     1 |       ||     1
Armor: Robe              |     6 |       ||     6
       Leather armour    |    13 |       ||    13
       Chain mail        |    27 |    14 ||    41
Dodge: Dodged            |    27 |     1 ||    28
Block: Tower shield      |    51 |    15 ||    66
